 Dungeon Crawl Stone Soup version 0.21.1-1-g345015f (webtiles) character file.

112418 xccam the Bludgeoner (level 16, -3/207 HPs)
             Began as a Demonspawn Berserker on Mar 11, 2018.
             Was the Champion of Trog.
             Slain by a spark wasp (13 damage)
             ... on level 4 of the Spider Nest.
             The game lasted 01:13:27 (27036 turns).

xccam the Bludgeoner (Demonspawn Berserker)        Turns: 27036, Time: 01:13:28

Health: -3/207     AC: 26    Str: 28      XL:     16   Next: 11%
Magic:  16/16      EV:  9    Int: 12      God:    Trog [******]
Gold:   2105       SH: 14    Dex: 11 (13) Spells: 15/15 levels left

rFire    + . .     SeeInvis +   r - +0 demon whip (flame)
rCold    . . .     Gourm    .   T - +0 shield
rNeg     . . .     Faith    +   x - +1 plate armour {rF+}
rPois    +         Spirit   .   p - +1 hat {MR+}
rElec    .         Reflect  .   o - +2 cloak
rCorr    .         Harm     .   w - +1 pair of gloves
MR       ++++.                  (boots unavailable)
Stlth    ..........             V - amulet of faith
HPRegen  1.44/turn              M - ring of poison resistance
MPRegen  0.15/turn              j - ring of see invisible

@: berserking, regenerating, studying Stealth, very quick
A: hooves 3, yellow scales 2, demonic guardian 2, strong 1, wild magic 1, rot
immunity, MP-powered wands
a: Berserk, Trog's Hand, Brothers in Arms, Burn Spellbooks, Renounce Religion


You were on level 4 of the Spider Nest.
You worshipped Trog.
Trog was exalted by your worship.
You were very hungry.

You visited 4 branches of the dungeon, and saw 24 of its levels.
You also visited: Volcano.

You collected 2285 gold pieces.
You spent 180 gold pieces at shops.

Inventory:

Hand Weapons
 h - a +3 antimagic eveningstar
 r - a +0 demon whip of flaming (weapon)
 O - a +3 great mace
Missiles
 R - 2 silver javelins (quivered)
Armour
 d - a scarf of spirit shield
 o - a +2 cloak (worn)
 p - a +1 hat of magic resistance (worn)
 w - a +1 pair of gloves (worn)
 x - a +1 plate armour of fire resistance (worn)
 T - a +0 shield (worn)
 W - a +2 helmet
Jewellery
 j - a ring of see invisible (right hand)
 z - an uncursed ring of fire
 G - an uncursed amulet of the gourmand
 L - a +5 ring of strength
 M - a ring of poison resistance (left hand)
 S - a +3 ring of evasion
 V - an amulet of faith (around neck)
Wands
 l - a wand of acid (23)
 u - a wand of iceblast (28)
 E - a wand of digging (29)
 F - a wand of disintegration (24)
 Q - a wand of flame (18)
 X - a wand of random effects (64)
 Y - a wand of clouds (14)
 Z - a wand of paralysis (28)
Scrolls
 a - 5 scrolls of fog
 n - 6 scrolls of fear
 v - 6 scrolls of teleportation
 y - 3 scrolls of enchant armour
 C - 10 scrolls of remove curse
 D - 2 scrolls of silence
 J - 4 scrolls of magic mapping
 K - 3 scrolls of enchant weapon
 N - 5 scrolls of blinking
Potions
 b - 3 potions of cancellation
 e - a potion of lignification
 f - 5 potions of agility
 g - 6 potions of haste
 i - 7 potions of curing
 k - 5 potions of invisibility
 m - 3 potions of flight
 t - a potion of might
 A - 2 potions of heal wounds
 B - a potion of magic
 H - 4 potions of resistance
 I - 2 potions of brilliance
Books
 P - a manual of Stealth
Comestibles
 c - 25 rations


   Skills:
 + Level 16.0 Fighting
 - Level 16.0 Maces & Flails
 + Level 11.2 Armour
 - Level 3.1 Dodging
 * Level 13.3 Shields


You had 15 spell levels left.
You didn't know any spells.

Dungeon Overview and Level Annotations

Branches:
Dungeon (12/15)            Temple (0/1) D:4            Lair (6/6) D:10
 Shoals (0/4) Lair:3       Spider (4/4) Lair:4        Slime (0/5) Lair:6
    Orc (2/2) D:12            Elf (0/3) Orc:2

Altars:
Nemelex Xobeh
Uskayaw
Beogh
Jiyva

Shops:
D:4 }   D:11 !   Orc:2 [!?[}


Innate Abilities, Weirdness & Mutations

You have hooves in place of feet.
You are mostly covered in yellow scales. (AC +3)
A demonic guardian rushes to your aid.
You are immune to rotting.
Your muscles are strong. (Str +2)
Your spells are a little harder to cast, but a little more powerful.
You expend magic power (3 MP) to strengthen your wands.


Message History

The spark wasp shocks you!
* * * LOW HITPOINT WARNING * * *
Your ice devil hits the orb spider.
Your ice devil freezes the orb spider!!
A red film seems to cover your vision as you go berserk!
You feel yourself moving faster!
You feel mighty!
You are feeling very hungry.
The spark wasp stings you but does no damage.
Your ice devil hits the orb spider but does no damage.
The spark wasp stings you.
* * * LOW HITPOINT WARNING * * *
The spark wasp shocks you!
* * * LOW HITPOINT WARNING * * *
You whack the spark wasp! You burn the spark wasp.
The spark wasp is severely wounded.
You hit the spark wasp. You burn the spark wasp. You kick the spark wasp!
The spark wasp is almost dead.
The spark wasp stings you.
* * * LOW HITPOINT WARNING * * *
The spark wasp shocks you!
You die...

#........................##
.##.?......................#
......^......^##.........^.#
...).........#..#..........#
..........#.....##.....)####
...........s......<......#
..........)^4....%........#
.#^....#$.....^#.......^.##
..........^††$@.†.....^.##
^≈..#...^#..†.^y##.^^####
#..#.^...^......#^.^#
.........##....^. ......^...
#....≈# #......|#^.......≈
≈≈≈≈≈≈≈≈≈.. .....
≈≈≈≈≈≈≈≈≈≈.. .. ≈≈≈≈≈≈≈ ≈≈.


You could see a spark wasp, an orb spider and a friendly ice devil.

Vanquished Creatures
  The ghost of erloom the Slayer, an adept GrFi of Okawaru (Spider:3)
  Kirke (Spider:1)
  3 ghost moths
  Louise (Spider:2)
  An emperor scorpion (Spider:4)
  3 entropy weavers
  Azrael (Spider:1)
  2 dire elephants (Lair:6)
  The ghost of cada the Geomancer, a journeyman FoEE of Cheibriados (D:12)
  Josephine (Spider:1)
  The ghost of Mirai the Cleaver, a journeyman DsFi of Okawaru (Orc:1)
  A hydra (Lair:3)
  3 two-headed ogres
  2 death yaks (Lair:6)
  An orc high priest (Orc:2)
  Nergalle (D:10)
  Urug (Lair:3)
  A fire crab (Volcano)
  An unseen horror (D:10)
  2 orc knights (Orc:2)
  A lindwurm (Lair:5)
  11 orb spiders
  21 wolf spiders
  4 orc sorcerers (Orc:2)
  An oklob plant (Lair:4)
  A cyclops (D:12)
  8 elephants
  2 moths of wrath (Spider:3)
  2 black mambas
  3 gargoyles
  2 molten gargoyles (Volcano)
  2 torpor snails
  7 spiny frogs
  5 komodo dragons
  A kobold demonologist (D:11)
  10 demonic crawlers
  3 meliai (Spider:3)
  A queen bee (Spider:3)
  35 jumping spiders
  2 polar bears
  A troll (D:10)
  3 hornets
  The ghost of letownia2 the Magician, an amateur MfWz of Cheibriados (D:5)
  5 dream sheep (Lair:6)
  22 blink frogs
  5 hippogriffs
  Grinder (D:6)
  A meliai zombie (D:12)
  A snapping turtle (Lair:3)
  Sigmund (D:2)
  43 redbacks
  A shadow (D:10)
  14 tarantellas
  A wyvern (D:12)
  The ghost of Anonimus the Shield-Bearer, an amateur GnFi (D:3)
  3 wraiths (Spider:1)
  8 fire bats (Volcano)
  24 yaks
  3 fire elementals (Spider:1)
  2 hungry ghosts
  The ghost of letownia2 the Poker, an amateur MfWz (D:4)
  3 wargs (Orc:2)
  An acid dragon (D:11)
  4 hell hounds
  6 water moccasins
  A soldier ant (D:9)
  Duvessa (D:5)
  12 porcupines
  19 orc warriors
  An ice beast (D:11)
  2 sky beasts
  6 phantoms
  11 ogres
  6 wolves
  2 centaurs
  10 crocodiles
  3 big kobolds (D:11)
  10 bullfrogs
  A gnoll sergeant (D:10)
  Dowan (D:5)
  3 wyvern skeletons
  10 scorpions
  23 killer bees
  12 wights
  4 electric eels
  5 howler monkeys
  6 lava snakes (Volcano)
  3 crimson imps
  2 quasits (D:11)
  A bullfrog zombie (D:9)
  A hound (D:6)
  Crazy Yiuf (D:6)
  2 centaur skeletons
  24 orc priests
  A bullfrog skeleton (D:10)
  2 jellies
  38 orc wizards
  An iguana (D:11)
  2 hell rats (Lair:2)
  9 worker ants
  A hound skeleton (D:4)
  2 worker ant zombies (D:9)
  Robin (D:4)
  7 gnolls
  10 adders
  8 river rats (Lair:2)
  3 shadow imps
  An ooze (D:8)
  2 adder skeletons
  5 worms
  3 dart slugs
  4 leopard geckos
  95 orcs
  3 bats
  A giant cockroach (D:5)
  10 goblins
  3 hobgoblins
  10 jackals
  8 kobolds
  6 quokkas
  A frilled lizard (D:2)
  A quokka zombie (D:5)
  6 rats
  6 plants
740 creatures vanquished.

Vanquished Creatures (collateral kills)
  Jorgrun (Spider:2)
  Gastronok (Orc:1)
  2 hydras (Lair:6)
  An anaconda (Lair:6)
  4 two-headed ogres
  A tengu warrior (D:8)
  5 death yaks (Lair:6)
  An unseen horror (D:12)
  8 orb spiders
  7 wolf spiders
  2 oklob plants (Lair:4)
  A spiny frog (Lair:5)
  A torpor snail (Spider:3)
  A rime drake (Lair:6)
  3 demonic crawlers
  8 jumping spiders
  2 hippogriffs
  3 dream sheep (Lair:6)
  3 blink frogs
  19 redbacks
  4 tarantellas
  A basilisk (Lair:3)
  3 yaks
  Eustachio (D:6)
  A hell hound (Spider:1)
  A porcupine (Lair:5)
  3 orc warriors
  A centaur (D:9)
  2 ogres
  5 crocodiles
  A big kobold (D:11)
  A bullfrog (Lair:3)
  9 killer bees
  3 orc priests
  2 orc wizards
  A centaur skeleton (D:11)
  A worker ant (D:7)
  A gnoll (D:9)
  An adder (D:6)
  A shadow imp (D:9)
  7 orcs
  2 jackals (D:6)
  5 kobolds (D:11)
  A quokka (D:7)
132 creatures vanquished.

Vanquished Creatures (others)
  A hell hog (Volcano)
  An orb spider (Spider:1)
  A wolf spider (Spider:4)
  2 jumping spiders
  6 humans (Spider:1)
  5 fungi
  28 plants
44 creatures vanquished.

Grand Total: 916 creatures vanquished

Notes
Turn   | Place    | Note
-------+----------+-------------------------------------------
     0 | D:1      | xccam the Demonspawn Berserker began the quest for the Orb.
     0 | D:1      | Reached XP level 1. HP: 18/18 MP: 1/1
   218 | D:1      | Gained mutation: You have large cloven feet. [demonic ancestry]
   218 | D:1      | Reached XP level 2. HP: 24/24 MP: 2/2
   479 | D:2      | Noticed Sigmund
   489 | D:2      | Killed Sigmund
   489 | D:2      | Reached skill level 5 in Maces & Flails
   489 | D:2      | Reached XP level 3. HP: 29/29 MP: 3/3
   489 | D:2      | Reached XP level 4. HP: 35/35 MP: 4/4
   489 | D:2      | Gained mutation: You have hoof-like feet. [demonic ancestry]
   489 | D:2      | Reached XP level 5. HP: 41/41 MP: 5/5
  1073 | D:3      | Noticed Anonimus's ghost (amateur GnFi)
  1086 | D:3      | Killed Anonimus's ghost
  1086 | D:3      | Reached XP level 6. HP: 47/47 MP: 6/6
  1686 | D:4      | Found Unashra's Gadget Emporium.
  1698 | D:4      | Noticed Robin
  1701 | D:4      | Reached ** piety under Trog
  1710 | D:4      | Killed Robin
  1733 | D:4      | Noticed letownia2's ghost (amateur MfWz)
  2042 | D:4      | Killed letownia2's ghost
  2042 | D:4      | Reached XP level 7. HP: 52/52 MP: 7/7
  2514 | D:4      | Found a staircase to the Ecumenical Temple.
  2787 | D:5      | Entered Level 5 of the Dungeon
  2915 | D:5      | Found a hide-covered altar of Uskayaw.
  3000 | D:5      | Noticed Duvessa
  3002 | D:5      | Noticed Dowan
  3008 | D:5      | Killed Duvessa
  3008 | D:5      | Reached skill level 1 in Shields
  3011 | D:5      | Killed Dowan
  3094 | D:5      | Noticed letownia2's ghost (amateur MfWz)
  3111 | D:5      | Killed letownia2's ghost
  3111 | D:5      | Gained mutation: A weak demonic guardian rushes to your aid. [demonic ancestry]
  3111 | D:5      | Reached XP level 8. HP: 58/58 MP: 8/8
  3132 | D:5      | Reached *** piety under Trog
  3586 | D:6      | Found a runed door.
  3590 | D:6      | Noticed Crazy Yiuf
  3595 | D:6      | Killed Crazy Yiuf
  3765 | D:6      | Noticed Grinder
  3776 | D:6      | Killed Grinder
  4029 | D:6      | Noticed Eustachio
  4065 | D:6      | Killed Eustachio
  4132 | D:6      | Gained mutation: You are partially covered in yellow scales. (AC +2) [demonic ancestry]
  4132 | D:6      | Reached XP level 9. HP: 50/63 MP: 9/9
  4237 | D:7      | Reached skill level 5 in Armour
  5028 | D:7      | Reached skill level 5 in Shields
  6148 | D:8      | Noticed a two-headed ogre
  6154 | D:8      | Killed a two-headed ogre
  6154 | D:8      | Reached **** piety under Trog
  6154 | D:8      | Reached skill level 10 in Maces & Flails
  6154 | D:8      | Gained mutation: A demonic guardian rushes to your aid. [demonic ancestry]
  6154 | D:8      | Reached XP level 10. HP: 71/71 MP: 10/10
  6265 | D:8      | Noticed a tengu warrior
  6273 | D:8      | Killed a tengu warrior
  6424 | D:8      | Reached skill level 5 in Fighting
  6476 | D:8      | Found a sparkling altar of Nemelex Xobeh.
  6544 | D:8      | Received a gift from Trog
  6721 | D:9      | Noticed a two-headed ogre
  6721 | D:9      | Noticed a two-headed ogre
  6734 | D:9      | Killed a two-headed ogre
  6749 | D:9      | Killed a two-headed ogre
  7009 | D:9      | Noticed a two-headed ogre
  7020 | D:9      | Killed a two-headed ogre
  7372 | D:9      | Reached XP level 11. HP: 76/87 MP: 11/11
  7389 | D:9      | Reached ***** piety under Trog
  7899 | D:10     | Entered Level 10 of the Dungeon
  7899 | D:10     | Noticed a two-headed ogre
  7906 | D:10     | Killed a two-headed ogre
  7916 | D:10     | Gained mutation: Your muscles are strong. (Str +2) [potion of mutation]
  7916 | D:10     | Gained mutation: You expend magic power (3 MP) to strengthen your wands. [potion of mutation]
  7916 | D:10     | Gained mutation: Your spells are a little harder to cast, but a little more powerful. [potion of mutation]
  8358 | D:10     | Found a staircase to the Lair.
  8410 | D:10     | Received a gift from Trog
  8606 | D:10     | Noticed Nergalle
  8620 | D:10     | Killed Nergalle
  9145 | D:10     | Reached skill level 10 in Fighting
  9368 | D:10     | Noticed an unseen horror
  9381 | D:10     | Killed an unseen horror
  9732 | D:11     | Found Mac Jeny's Distillery.
  9781 | D:11     | Noticed a two-headed ogre
  9788 | D:11     | Killed a two-headed ogre
  9978 | D:11     | Bought a potion of agility for 60 gold pieces
  9978 | D:11     | Bought a potion of heal wounds for 75 gold pieces
  9978 | D:11     | Bought a potion of curing for 45 gold pieces
 10646 | D:12     | Found a staircase to the Orcish Mines.
 11120 | D:12     | Reached XP level 12. HP: 101/102 MP: 4/12
 11214 | D:12     | Noticed cada's ghost (journeyman FoEE)
 11227 | D:12     | Killed cada's ghost
 11362 | Orc:1    | Entered Level 1 of the Orcish Mines
 11415 | Lair:1   | Entered Level 1 of the Lair of Beasts
 12465 | Lair:2   | Received a gift from Trog
 12910 | Lair:3   | Noticed a six-headed hydra
 12920 | Lair:3   | Killed a six-headed hydra
 13059 | Lair:3   | Noticed Urug
 13064 | Lair:3   | Killed Urug
 13408 | Lair:3   | Found a staircase to the Shoals.
 13856 | Lair:4   | Received a gift from Trog
 13856 | Lair:4   | Gained mutation: You are immune to rotting. [demonic ancestry]
 13856 | Lair:4   | Reached XP level 13. HP: 113/113 MP: 4/13
 13904 | Lair:4   | Found a hole to the Spider Nest.
 15008 | Lair:5   | Found a dark tunnel.
 15294 | Volcano  | Entered a volcano
 15589 | Volcano  | Found a bloodstained altar of Trog.
 15765 | Volcano  | Reached ****** piety under Trog
 15765 | Volcano  | Received a gift from Trog
 15874 | Volcano  | Reached skill level 15 in Maces & Flails
 16666 | Lair:6   | Entered Level 6 of the Lair of Beasts
 16833 | Lair:6   | Found a viscous altar of Jiyva.
 16835 | Lair:6   | Found a staircase to the Slime Pits.
 17127 | Lair:6   | Received a gift from Trog
 17298 | Lair:6   | Reached XP level 14. HP: 73/121 MP: 4/14
 18656 | Orc:1    | Noticed Mirai's ghost (journeyman DsFi)
 18673 | Orc:1    | Killed Mirai's ghost
 18676 | Orc:1    | Noticed Gastronok
 18693 | Orc:1    | Killed Gastronok
 18725 | Orc:1    | Found a roughly hewn altar of Beogh.
 18931 | Orc:1    | Received a gift from Trog
 19290 | Orc:2    | Entered Level 2 of the Orcish Mines
 19415 | Orc:2    | Found a staircase to the Elven Halls.
 19469 | Orc:2    | Found Efynac Guwu's Gadget Shop.
 19725 | Orc:2    | Reached skill level 10 in Shields
 19747 | Orc:2    | Found Itaufeu's Armour Emporium.
 19747 | Orc:2    | Found Qajon's Antique Armour Shoppe.
 19747 | Orc:2    | Found Haqilauwk's Distillery.
 19754 | Orc:2    | Received a gift from Trog
 19755 | Orc:2    | Found Rayskut's Magic Scroll Emporium.
 20835 | Spider:1 | Entered Level 1 of the Spider Nest
 20844 | Spider:1 | Noticed Azrael
 20864 | Spider:1 | Killed Azrael
 20879 | Spider:1 | Noticed Kirke
 20888 | Spider:1 | Killed Kirke
 21405 | Spider:1 | Noticed Josephine
 21413 | Spider:1 | Killed Josephine
 21785 | Spider:1 | Received a gift from Trog
 21791 | Spider:1 | Noticed an entropy weaver
 21803 | Spider:1 | Killed an entropy weaver
 21803 | Spider:1 | Reached skill level 15 in Fighting
 22824 | Spider:2 | Gained mutation: You have hooves in place of feet. [demonic ancestry]
 22824 | Spider:2 | Reached XP level 15. HP: 120/129 MP: 5/15
 22873 | Spider:2 | Reached skill level 10 in Armour
 23186 | Spider:2 | Noticed Jorgrun
 23194 | Spider:2 | Killed Jorgrun
 23311 | Spider:2 | Noticed Louise
 23343 | Spider:2 | Received a gift from Trog
 23352 | Spider:2 | Killed Louise
 23986 | Spider:2 | Found a roughly hewn altar of Beogh.
 24522 | Spider:3 | Noticed erloom's ghost (adept GrFi)
 24562 | Spider:3 | Killed erloom's ghost
 24923 | Spider:3 | Received a gift from Trog
 25683 | Spider:4 | Entered Level 4 of the Spider Nest
 25987 | Spider:4 | Received a gift from Trog
 26461 | Spider:4 | Killed a ghost moth
 26523 | Spider:4 | Killed a ghost moth
 26523 | Spider:4 | Gained mutation: You are mostly covered in yellow scales. (AC +3) [demonic ancestry]
 26523 | Spider:4 | Reached XP level 16. HP: 66/138 MP: 0/16
 27036 | Spider:4 | HP: 10/207 [spark wasp (2)]
 27036 | Spider:4 | Slain by a spark wasp

Skill      XL: |  1  2  3  4  5  6  7  8  9 10 11 12 13 14 15 16 |
---------------+-------------------------------------------------+-----
Maces & Flails | 3 5 6 7 8 9 10 12 14 15 16 | 16.0
Armour         | 3 4 6 7 8 9 11 | 11.2
Shields        | 2 4 6 7 9 11 13 | 13.3
Fighting       | 4 8 11 14 15 16 | 16.0
Dodging        | 2 3 |  3.1

Action                   |  1- 3 |  4- 6 |  7- 9 | 10-12 | 13-15 | 16-18 || total
-------------------------+-------+-------+-------+-------+-------+-------++-------
Melee: Mace              |    22 |    86 |    65 |       |       |       ||   173
       Kick              |     4 |    31 |   106 |   250 |   517 |    28 ||   936
       Flail             |       |       |   284 |   250 |       |       ||   534
       Eveningstar       |       |       |       |   562 |   991 |       ||  1553
       Demon whip        |       |       |       |       |   422 |    63 ||   485
Invok: Berserk           |     1 |     2 |     6 |     7 |    12 |     2 ||    30
       Trog's Hand       |       |       |     5 |     3 |    13 |     2 ||    23
       Burn Spellbooks   |       |       |       |     3 |     3 |       ||     6
       Brothers in Arms  |       |       |       |     1 |       |       ||     1
Evoke: Wand              |       |     3 |       |       |     6 |       ||     9
  Use: Scroll            |       |     3 |     8 |    11 |     8 |       ||    30
       Potion            |       |       |     1 |     5 |     9 |       ||    15
 Stab: Distracted        |       |       |     2 |     2 |     8 |       ||    12
       Invisible         |       |       |       |     1 |     4 |       ||     5
  Eat: Chunk             |       |     5 |    30 |    38 |    25 |     3 ||   101
       Ration            |       |       |     2 |     1 |    10 |       ||    13
Armor: Animal skin       |     3 |     5 |       |       |       |       ||     8
       Ring mail         |       |    14 |    36 |       |       |       ||    50
       Plate armour      |       |       |   218 |   417 |   815 |    71 ||  1521
Dodge: Dodged            |    20 |    43 |   160 |   287 |   499 |    24 ||  1033
Block: Buckler           |       |       |    61 |   175 |    28 |       ||   264
       Shield            |       |       |       |       |   774 |    56 ||   830
